 Dungeon Crawl Stone Soup version 0.27-a0-607-g1ad3dbde53 (webtiles) character file.

Game seed: 15651662503972537112

2 Allula97 the Sneak (level 1, 0/9 HPs)
             Began as a Spriggan Enchanter on Mar 13, 2021.
             Slain by a hobgoblin
             ... wielding a +0 club
              (3 damage)
             ... on level 1 of the Dungeon.
             The game lasted 00:00:20 (280 turns).

Allula97 the Sneak (Spriggan Enchanter)              Turns: 280, Time: 00:00:21

Health: 0/9        AC:  2    Str:  4    XL:     1   Next: 33%
Magic:  5/5        EV: 17    Int: 16    God:
Gold:   0          SH:  0    Dex: 15    Spells: 4/5 levels left

rFire    . . .     SeeInvis +   a - +1 dagger
rCold    . . .     Faith    .   (shield restricted)
rNeg     . . .     Spirit   .   b - +0 robe
rPois    .         Reflect  .   (helmet restricted)
rElec    .         Harm     .   (no cloak)
rCorr    .         Rampage  .   (gloves unavailable)
Will     .....                  (boots unavailable)
Stlth    +++.......             (no amulet)
HPRegen  0.03/turn              (no ring)
MPRegen  0.09/turn              (no ring)

@: very quick
A: very small, unfitting armour, see invisible, speed 3
a: no special abilities


You were on level 1 of the Dungeon.
You visited 1 branch of the dungeon, and saw 1 of its levels.

Inventory:

Hand Weapons
 a - a +1 dagger (weapon)
Armour
 b - a +0 robe (worn)


   Skills:
 * Level 1.1 Short Blades
 * Level 2.7 Dodging
 * Level 4.5 Stealth
 * Level 2.7 Spellcasting
 * Level 3.7 Hexes


You had 4 spell levels left.
You knew the following spells:

 Your Spells              Type           Power      Damage    Failure   Level
a - Corona                Hex            15%        N/A       4%          1

Your spell library contained the following spells:

 Spells                   Type           Power      Damage    Failure   Level
 Confusing Touch          Hex            14%        N/A       13%         3
 Tukima's Dance           Hex            14%        N/A       13%         3
 Ensorcelled Hibernation  Hex/Ice        16%        N/A       14%         2
 Dazzling Flash           Conj/Hex       16%        N/A       26%         3


Dungeon Overview and Level Annotations

Branches:
Dungeon (1/15)

Altars:


Innate Abilities, Weirdness & Mutations

You are very small and have problems with some larger weapons.
You are too small for most types of armour.
You have supernaturally acute eyesight. (SInv)
You cover ground extremely quickly. (Speed+++)


Message History

The hobgoblin is heavily wounded.
The goblin barely misses you. The hobgoblin closely misses you.
You hit the hobgoblin but do no damage.
The hobgoblin is heavily wounded.
The goblin closely misses you. The hobgoblin barely misses you.
You barely miss the hobgoblin.
The hobgoblin is heavily wounded.
The goblin hits you but does no damage. The hobgoblin barely misses you.
You hit the hobgoblin but do no damage.
The hobgoblin is heavily wounded.
The goblin closely misses you.
You hit the hobgoblin.
The hobgoblin is almost dead.
The hobgoblin hits you with a +0 club. The goblin closely misses you.
You hit the hobgoblin.
You kill the hobgoblin!
The goblin completely misses you. The goblin hits you with a +0 dagger.
Things that are here:
a +0 club; a hobgoblin corpse You hit the goblin but do no damage.
The goblin hits you but does no damage.
You closely miss the goblin. The goblin hits you but does no damage.
You barely miss the goblin. The goblin misses you.
You barely miss the goblin. The goblin barely misses you.
You hit the goblin.
The goblin is severely wounded.
The goblin hits you with a +0 dagger.
You hit the goblin.
You kill the goblin!
You see here a +0 dagger.
HP restored.
You see here a +0 dagger.
A hobgoblin comes into view. It is wielding a +0 club.
The hobgoblin shouts!
The hobgoblin barely misses you.
You barely miss the hobgoblin. The hobgoblin hits you with a +0 club.
Ouch! That really hurt!
You hit the hobgoblin but do no damage. You hit the hobgoblin but do no damage.
The hobgoblin hits you with a +0 club.
You die...

# ##### ##.#######
###...#####
.##...g#...###...#....#.
.......@.......######...
####.######.#### ####
#.# #.. ##.. ... ....
#.###


You could see a hobgoblin.

Vanquished Creatures
  A goblin (D:1)
  A hobgoblin (D:1)
2 creatures vanquished.

Notes
Turn   | Place    | Note
-------+----------+-------------------------------------------
     0 | D:1      | Allula97 the Spriggan Enchanter began the quest for the
                  | Orb.
     0 | D:1      | Reached XP level 1. HP: 9/9 MP: 5/5
   280 | D:1      | Slain by a hobgoblin

Illustrated notes

Levels and vault maps discovered:
D:1:      amcnicky_arrival_wind_blow, layout_basic

Action                   || total
-------------------------++-------
Melee: Dagger            ||    19
Armor: Robe              ||     2
Dodge: Dodged            ||    11

Table legend: (Time is in decaauts)
 A = Elapsed time spent in this place.
 B = Non-inter-level travel time spent in this place.
 C = Inter-level travel time spent in this place.
 D = Time resting spent in this place.
 E = Time spent auto-exploring this place.
 F = Levels seen in this place.
 G = Mean time per level.
                   A        B        C        D        E       F      G
               +--------+--------+--------+--------+--------+-----+--------+
         Total |    249 |    249 |      0 |      0 |    214 |   1 |  249.0 |
       Dungeon |    249 |    249 |      0 |      0 |    214 |   1 |  249.0 |
               +--------+--------+--------+--------+--------+-----+--------+

Top non-repeatable levels by time:
     D:1: 249 daAuts
